 Dungeon Crawl Stone Soup version 0.28.0-53-g5a82cb258f (webtiles) character file.

Game seed: 12634958715186217755

149 boopmooplesden the Chopper (level 5, -5/70 HPs)
             Began as a Minotaur Berserker on June 28, 2022.
             Was a Believer of Trog.
             Slain by a gnoll
             ... wielding a +0 halberd
              (11 damage)
             ... on level 4 of the Dungeon.
             The game lasted 00:02:42 (2503 turns).

boopmooplesden the Chopper (Minotaur Berserker)     Turns: 2503, Time: 00:02:43

Health: -5/70      AC: 13    Str: 21    XL:     5   Next: 9%
Magic:  4/4        EV:  3    Int:  4    God:    Trog [**....]
Gold:   159        SH:  0    Dex: 12    Spells: 4/4 levels left

rFire   x . .      SeeInvis .   a - +0 hand axe
rCold   + . .      Faith    .   (no shield)
rNeg    + . .      Spirit   .   f - +1 plate armour
rPois   .          Reflect  .   (helmet restricted)
rElec   .          Harm     .   (no cloak)
rCorr   .          Rampage  .   (no gloves)
Will    .....                   g - +0 pair of boots
Stlth   ..........              (no amulet)
HPRegen 0.21/turn               l - ring of positive energy
MPRegen 0.09/turn               m - ring of ice

@: berserking, lethally poisoned (-5 -> -8), held, very quick
A: horns 2, retaliatory headbutt
a: Renounce Religion, Berserk, Trog's Hand


You were on level 4 of the Dungeon.
You worshipped Trog.
Trog was pleased with you.
You visited 1 branch of the dungeon, and saw 4 of its levels.

You collected 159 gold pieces.

Inventory:

Hand Weapons
 a - a +0 hand axe (weapon)
Missiles
 c - 6 javelins (quivered)
Armour
 f - a +1 plate armour (worn)
 g - a +0 pair of boots (worn)
Jewellery
 i - a +4 ring of evasion
 l - a ring of positive energy (left hand)
 m - a ring of ice (right hand)
Wands
 b - a wand of acid (10)
 k - a wand of charming (7)
Scrolls
 h - 2 scrolls of identify
 j - a scroll of teleportation
Potions
 d - a potion of curing
 e - a potion of lignification {unknown}


   Skills:
 + Level 4.5 Fighting
 + Level 5.5 Axes
 + Level 3.2 Armour
 + Level 2.3 Dodging
 + Level 1.4 Stealth


You had 4 spell levels left.
You didn't know any spells.
Your spell library was empty.

Dungeon Overview and Level Annotations

Branches:
Dungeon (4/15)
 Temple: D:4-7

Altars:
Cheibriados
Fedhas
Hepliaklqana
Xom

Shops:
D:3 ?


Innate Abilities, Weirdness & Mutations

You have a pair of horns on your head.
You reflexively headbutt those who attack you in melee.


Message History

The bullfrog zombie closely misses you.
The gnoll hits you from afar with a +0 halberd of venom!
You are poisoned.
You feel very sick. The gnoll hits you but does no damage.
You are more poisoned.
You feel very sick.
You feel very sick.
The bullfrog zombie hits you but does no damage.
You feel very sick.
A red film seems to cover your vision as you go berserk!
You feel yourself moving faster!
You feel mighty!
You feel very sick.
You feel a strong urge to attack something.
You feel sick. The gnoll hits you but does no damage.
You hit the gnoll.
The gnoll is heavily wounded.
You feel sick.
You closely miss the gnoll.
The gnoll is heavily wounded.
You feel sick. The gnoll barely misses you. You furiously retaliate!
You headbutt the gnoll!
You kill the gnoll!
Trog accepts your kill.
The gnoll hits you from afar with a +0 halberd.
You closely miss the bullfrog zombie. You headbutt the bullfrog zombie!!
The bullfrog zombie is severely damaged.
You feel sick.
The bullfrog zombie hits you but does no damage.
You slash the bullfrog zombie!
You destroy the bullfrog zombie!
Trog accepts your kill.
You feel sick.
The gnoll throws a throwing net.
The throwing net hits you.
You become entangled in the net!
The gnoll hits you from afar with a +0 halberd of venom!
* * * LOW HITPOINT WARNING * * *
You have reached level 5!
You tear a large gash into the net.
You feel sick.
The gnoll hits you from afar with a +0 halberd!
You die...

..'....#
........#...
..####.#
.........#.# ..# #.#
.........#.#..###
..# #.#
...........#.... ..#
#.# ...........#...#
..# #.#
........#..#...# ..#
#.# ......gg#..#...#
###
#.#######+#)##.#...#
#
#.#.......#@##.....#
#
#.#.#######....>...#
#
#........#####.#..##
# ###.####.# #.#.##
#.# #.# #.#.. #.#
#.# #.#.## #.# #.#
#.#.# #.#
#.#####.### #.#
#.......#


You could see 2 gnolls.

Vanquished Creatures
  A bullfrog zombie (D:4)
  Robin (D:2)
  4 adders
  A gnoll (D:4)
  A worm (D:3)
  7 endoplasms
  2 giant cockroaches
  8 goblins
  9 hobgoblins
  3 jackals (D:2)
  A quokka (D:1)
  2 ball pythons
  6 bats
  2 frilled lizards
  2 kobolds
  6 rats
56 creatures vanquished.

Notes
Turn   | Place    | Note
-------+----------+-------------------------------------------
     0 | D:1      | boopmooplesden the Minotaur Berserker began the quest for
                  | the Orb.
     0 | D:1      | Reached XP level 1. HP: 19/19 MP: 0/0
   470 | D:1      | Reached XP level 2. HP: 22/27 MP: 1/1
   679 | D:1      | Reached skill level 4 in Axes
   929 | D:2      | Reached XP level 3. HP: 34/34 MP: 2/2
   954 | D:2      | Found a snail-covered altar of Cheibriados.
   969 | D:2      | Reached skill level 1 in Stealth
  1211 | D:2      | Reached ** piety under Trog
  1647 | D:2      | Noticed Robin
  1656 | D:2      | Reached XP level 4. HP: 41/41 MP: 3/3
  1667 | D:2      | Killed Robin
  1727 | D:2      | Reached skill level 5 in Axes
  1936 | D:3      | Found a shimmering altar of Xom.
  2031 | D:3      | Found Zoewytyk's Magic Scroll Boutique.
  2051 | D:3      | Found a hazy altar of Hepliaklqana.
  2068 | D:3      | Found a blossoming altar of Fedhas.
  2503 | D:4      | Reached XP level 5. HP: 7/47 MP: 4/4
  2503 | D:4      | Slain by a gnoll

Illustrated notes

Levels and vault maps discovered:
D:1:      lightli_arrival_statuegarden, layout_basic
D:2:      layout_loops_ring, basic_altar, uniq_robin
D:3:      layout_rooms, mainiacjoe_overflow_alcove_2,
          mainiacjoe_overflow_catwalk_spiral, serial_shops, shop
D:4:      layout_basic, nemelex_diamond_rough_becter

Skill      XL: |  1  2  3  4 |
---------------+-------------+-----
Fighting       | 4 |  4.5
Axes           | 4 5 |  5.5
Stealth        | 1 |  1.4
Armour         | 3 |  3.2
Dodging        | |  2.3

Action                   |  1- 3 |  4- 6 || total
-------------------------+-------+-------++-------
Melee: Hand axe          |    66 |    32 ||    98
       Headbutt          |     9 |     5 ||    14
       Punch             |     1 |     1 ||     2
Throw: Javelin           |     2 |       ||     2
Invok: Berserk           |     1 |     1 ||     2
  Use: Scroll            |       |     4 ||     4
Armor: Animal skin       |     4 |       ||     4
       Plate armour      |    44 |    12 ||    56
Dodge: Dodged            |    32 |     7 ||    39
